[Event "NOR-chT Codanserien 2017-18"]
[Site "Oslo"]
[Date "2017.12.02"]
[Round "2"]
[White "Kaasen, Tor Fredrik"]
[Black "Nordquelle, Daniel"]
[Result "0-1"]
[ECO "D37"]
[WhiteElo "2347"]
[BlackElo "2188"]
[Annotator "ChessBase"]
[PlyCount "100"]
[EventDate "2017.??.??"]
[EventType "team-tourn"]
[EventCountry "NOR"]
[SourceTitle "playchess.com"]
[Source "ChessBase"]
[SourceQuality "1"]
[TimeControl "40/5400+30:1800+30"]

1. d4 d5 2. c4 e6 3. Nf3 Nf6 4. Nc3 Nbd7 5. Bg5 h6 6. Bh4 Bb4 7. e3 g5 8. Bg3 Ne4 9. Qb3 a5 10. cxd5 exd5 11. a3 Bxc3+ 12. bxc3 Nb6 13. Bb5+ Kf8 14. Bd3 Bf5 15. Bxe4 Bxe4 16. Qb5 Kg7 17. a4 c6 18. Qb3 Ra7 19. h4 Nc4 20. hxg5 hxg5 21. O-O-O f6 22. Rxh8 Kxh8 23. Nd2 Bd3 24. Nxc4 dxc4 25. Qa3 Ra6 26. Bd6 Rb6 27. Be7 Rb1+ 28. Kd2 Qb6 29. Bxf6+ Kg8 30. e4 Rb2+ 31. Ke3 Qc7 32. g3 Re2+ 33. Kf3 Qh7 34. Qe7 Qh5+ 35. Kg2 Bxe4+ 36. Kf1 Bg2+ 37. Kxg2 Rxe7 38. Rh1 Qe2 39. Rh8+ Kf7 40. Bxe7 Kxe7 41. Rh7+ Kd6 42. Rxb7 g4 43. Rf7 Qe4+ 44. Kh2 Qc2 45. Rf4 Qxc3 46. Rxg4 Qd2 47. Rg6+ Kd5 48. Rg8 Qxf2+ 49. Kh3 c3 50. Rd8+ Ke4 0-1

[Event "NOR-chT Codanserien 2017-18"]
[Site "Oslo"]
[Date "2017.12.02"]
[Round "2"]
[White "Galchenko, Matvey"]
[Black "Andersen, Lars Even"]
[Result "1/2-1/2"]
[ECO "B10"]
[WhiteElo "2340"]
[BlackElo "2302"]
[Annotator "NA"]
[PlyCount "63"]
[EventDate "2017.??.??"]
[EventType "team-tourn"]
[EventCountry "NOR"]
[SourceTitle "playchess.com"]
[Source "ChessBase"]
[SourceQuality "1"]
[TimeControl "40/5400+30:1800+30"]

1. c4 c6 2. e4 d5 3. exd5 cxd5 4. cxd5 Nf6 5. Qa4+ Nbd7 6. Nc3 g6 7. Bc4 Bg7 8. d3 O-O 9. Nf3 Nb6 10. Qb3 Bg4 {[%emt 0:04:31] B10: Caro-Kann: 2 d3 and 2 c4} 11. Ne5 Qc7 12. f4 Nbd7 (12... Qc5 13. h3 Bc8 14. Ke2 Nh5 15. Kf3 e6 16. g4 exd5 17. Nxd5 Nxd5 18. Bxd5 Bxe5 19. gxh5 {1-0 (46) Zhigalko,A (2594)-Hovhannisyan,R (2641) Yerevan 2016}) 13. Nxg4 $146 ({Predecessor:} 13. Nb5 Qb6 14. h3 Nc5 15. Qa3 a6 16. Nd4 Bc8 17. Be3 Qd6 18. Ndc6 Nxd3+ 19. Qxd3 bxc6 20. dxc6 {½-½ (58) Liiva,R (2410)-Edzgveradze,N (2320) Holon 1995}) 13... Nxg4 14. h3 Ngf6 15. Be3 Nh5 16. O-O Ng3 17. Rfe1 Nf5 18. Bf2 Qxf4 19. Re4 Qc7 20. Nb5 Qb8 21. g4 $2 {[%emt 0:03:49] [#]} ({White should play} 21. d4 $15) 21... Nc5 $1 22. Bxc5 Qg3+ 23. Kf1 Qxh3+ 24. Ke1 {[%emt 0:02:29] [#]} Ng3 $1 25. Re3 $19 (25. Rxe7 Qf1+ 26. Kd2 Qxa1 27. d6) 25... Qf1+ 26. Kd2 Qf2+ 27. Kd1 Bh6 28. Qc2 Qf1+ 29. Re1 Qf3+ 30. Re2 Qf1+ 31. Re1 Qf3+ 32. Re2 1/2-1/2

[Event "NOR-chT Codanserien 2017-18"]
[Site "Oslo"]
[Date "2017.12.02"]
[Round "2"]
[White "Persson, Mats"]
[Black "Andersen, Alf R"]
[Result "1/2-1/2"]
[ECO "C00"]
[WhiteElo "2306"]
[BlackElo "2161"]
[Annotator "RC"]
[PlyCount "41"]
[EventDate "2017.??.??"]
[EventType "team-tourn"]
[EventCountry "NOR"]
[SourceTitle "playchess.com"]
[Source "ChessBase"]
[SourceQuality "1"]
[TimeControl "40/5400+30:1800+30"]

1. e4 e6 2. Qe2 c5 3. f4 Nc6 4. Nf3 Be7 5. g3 d5 6. d3 Nf6 7. Bg2 O-O 8. O-O b5 9. e5 Ne8 10. a4 b4 11. Be3 Nc7 12. Nbd2 Na5 13. Nb3 Na6 14. Qf2 Qc7 15. Rfc1 Bb7 16. h4 Rac8 17. Kh2 Nb8 18. Qe2 Nd7 19. Nxa5 Qxa5 20. b3 Ba6 21. Qd1 1/2-1/2

[Event "NOR-chT Codanserien 2017-18"]
[Site "Oslo"]
[Date "2017.12.02"]
[Round "2"]
[White "Hobber, Anders"]
[Black "Mihajlov, Sebastian"]
[Result "1/2-1/2"]
[ECO "A48"]
[WhiteElo "2290"]
[BlackElo "2379"]
[Annotator "ChessBase"]
[PlyCount "59"]
[EventDate "2017.??.??"]
[EventType "team-tourn"]
[EventCountry "NOR"]
[SourceTitle "playchess.com"]
[Source "ChessBase"]
[SourceQuality "1"]
[TimeControl "40/5400+30:1800+30"]

1. d4 Nf6 2. Nf3 g6 3. c3 Bg7 4. Bg5 O-O 5. Nbd2 d6 6. e4 c5 7. dxc5 dxc5 8. Bc4 h6 9. Bh4 Nh5 10. O-O Nc6 11. Qe2 Qc7 12. Qe3 Na5 13. Bd3 g5 14. Bg3 Nxg3 15. hxg3 e5 16. Nc4 Be6 17. Qe2 Nxc4 18. Bxc4 Bg4 19. Rfd1 Rad8 20. Rd5 Rxd5 21. Bxd5 Rd8 22. Qc4 Bxf3 23. gxf3 Rd6 24. Qb5 Rb6 25. Qe8+ Bf8 26. b3 Rf6 27. Kg2 Kg7 28. Rd1 b6 29. Bc4 Rd6 30. Rxd6 1/2-1/2

[Event "NOR-chT Codanserien 2017-18"]
[Site "Oslo"]
[Date "2017.12.02"]
[Round "2"]
[White "Borresen, Georg S"]
[Black "Mikalsen, Erlend"]
[Result "1-0"]
[ECO "A22"]
[WhiteElo "2253"]
[BlackElo "2312"]
[Annotator "ChessBase"]
[PlyCount "65"]
[EventDate "2017.??.??"]
[EventType "team-tourn"]
[EventCountry "NOR"]
[SourceTitle "playchess.com"]
[Source "ChessBase"]
[SourceQuality "1"]
[TimeControl "40/5400+30:1800+30"]

1. c4 e5 2. Nc3 Bb4 3. g3 Nf6 4. Bg2 O-O 5. Qc2 c6 6. Nf3 Re8 7. O-O d5 8. cxd5 cxd5 9. d4 e4 10. Ne5 Nc6 11. Nxc6 bxc6 12. Na4 Bd7 13. Nc5 Bg4 14. f3 exf3 15. exf3 Bh5 16. a3 Bg6 17. Qf2 Qa5 18. Be3 Bxc5 19. dxc5 Qb5 20. Rfe1 a5 21. Bd4 Nd7 22. Bh3 Nf8 23. Rxe8 Rxe8 24. Re1 Rxe1+ 25. Qxe1 Qd3 26. Qe3 Qd1+ 27. Kf2 Qh1 28. Qe8 Qxh2+ 29. Bg2 h5 30. Qc8 h4 31. Be5 f6 32. Bd6 Kh7 33. g4 1-0

[Event "NOR-chT Codanserien 2017-18"]
[Site "Oslo"]
[Date "2017.12.02"]
[Round "2"]
[White "Gudbrandsen, Gustav"]
[Black "Al-Tarbosh, Ward"]
[Result "1/2-1/2"]
[ECO "C11"]
[WhiteElo "2235"]
[BlackElo "2266"]
[Annotator "ChessBase"]
[PlyCount "59"]
[EventDate "2017.??.??"]
[EventType "team-tourn"]
[EventCountry "NOR"]
[SourceTitle "playchess.com"]
[Source "ChessBase"]
[SourceQuality "1"]
[TimeControl "40/5400+30:1800+30"]

1. e4 e6 2. d4 d5 3. Nc3 Nf6 4. e5 Nfd7 5. f4 c5 6. Nf3 Nc6 7. Be3 a6 8. Qd2 b5 9. dxc5 Bxc5 10. Bxc5 Nxc5 11. b4 Nd7 12. a3 Bb7 13. Bd3 Qb6 14. Qf2 Qxf2+ 15. Kxf2 Nb6 16. Rhe1 Rc8 17. Ne2 Nc4 18. Ned4 Nxd4 19. Nxd4 Ke7 20. Nb3 Rc7 21. a4 bxa4 22. Nc5 Rb8 23. Bxc4 dxc4 24. c3 a5 25. Nxb7 Rcxb7 26. bxa5 Rb3 27. Rxa4 Rxc3 28. a6 Rc2+ 29. Re2 Rxe2+ 30. Kxe2 1/2-1/2

[Event "NOR-chT Codanserien 2017-18"]
[Site "Oslo"]
[Date "2017.12.02"]
[Round "2"]
[White "Moen, Ole Christian"]
[Black "Hagesather, Ellen"]
[Result "1/2-1/2"]
[ECO "B15"]
[WhiteElo "2178"]
[BlackElo "2126"]
[Annotator "NA"]
[PlyCount "75"]
[EventDate "2017.??.??"]
[EventType "team-tourn"]
[EventCountry "NOR"]
[SourceTitle "playchess.com"]
[Source "ChessBase"]
[SourceQuality "1"]
[TimeControl "40/5400+30:1800+30"]

1. e4 c6 2. d4 d5 3. Nc3 dxe4 4. Nxe4 Nf6 5. Nxf6+ exf6 6. Bc4 Be7 7. Ne2 O-O {[%emt 0:02:33] B15: Caro-Kann: 3 Nc3: 3...g6 and 3...dxe4 4 Nxe4 Nf6 5 Nxf6+ exf6} (7... Nd7 8. O-O O-O 9. Ng3 b5 10. Bd3 g6 11. c3 a6 12. Re1 Bb7 13. a4 Nb6 14. a5 Nd5 15. Bd2 c5 16. c4 bxc4 17. Bxc4 cxd4 18. Bh6 Re8 19. Qxd4 Nb4 20. Qxd8 Raxd8 {½-½ (20) Todorovic,G (2461)-Radlovacki,J (2322) Stari Banovci 2016}) 8. O-O Bd6 9. Bf4 Bg4 10. f3 $146 ({Predecessor:} 10. Bxd6 Qxd6 11. f3 Be6 12. Bxe6 fxe6 13. Qd3 Na6 14. a3 Rad8 15. Rad1 {0-1 (43) Moori,H (1689)-Hasidume,S (2194) ICCF email 2006}) 10... Bf5 11. c3 Bxf4 12. Nxf4 Qd6 13. Qd2 Nd7 14. Rad1 h6 15. Rfe1 Rfe8 16. Bd3 Bxd3 17. Nxd3 g5 18. Qf2 Kf8 19. Qg3 Qxg3 20. hxg3 f5 21. Kf2 Re6 22. Rxe6 fxe6 23. Ne5 Nxe5 24. dxe5 Ke7 25. Ke3 Rd8 26. Rh1 Rh8 27. g4 f4+ 28. Ke4 Kd7 29. Rd1+ Ke7 30. b4 h5 31. gxh5 Rxh5 32. c4 Rh2 33. Rd2 Rh1 34. Rb2 Re1+ 35. Kd4 Rd1+ 36. Ke4 $17 Re1+ 37. Kd4 Rd1+ 38. Ke4 1/2-1/2

[Event "NOR-chT Codanserien 2017-18"]
[Site "Oslo"]
[Date "2017.12.02"]
[Round "2"]
[White "Mikalsen, Harald"]
[Black "Flaata, Alexander R"]
[Result "1-0"]
[ECO "A56"]
[WhiteElo "2030"]
[BlackElo "2103"]
[Annotator "ChessBase"]
[PlyCount "82"]
[EventDate "2017.??.??"]
[EventType "team-tourn"]
[EventCountry "NOR"]
[SourceTitle "playchess.com"]
[Source "ChessBase"]
[SourceQuality "1"]
[TimeControl "40/5400+30:1800+30"]

1. d4 Nf6 2. c4 c5 3. Nf3 g6 4. Nc3 cxd4 5. Nxd4 Bg7 6. e4 Nc6 7. Nb3 O-O 8. Be2 d6 9. Be3 b6 10. f3 Ba6 11. Nd4 Rc8 12. Ncb5 Nxd4 13. Bxd4 Bxb5 14. cxb5 Qc7 15. O-O Nd7 16. Bxg7 Kxg7 17. Rc1 Qb7 18. Qd4+ Kg8 19. Bc4 Nf6 20. g4 h6 21. Rc3 Qd7 22. Rfc1 Kh7 23. Be2 Rxc3 24. Qxc3 Qe6 25. a4 d5 26. e5 Nd7 27. f4 Kg8 28. Qc6 Nc5 29. b4 Nxa4 30. Qc2 g5 31. Qxa4 gxf4 32. Qa1 f6 33. Bf3 Rd8 34. Re1 f5 35. gxf5 Qxf5 36. e6 d4 37. Qxa7 Kf8 38. Qxb6 Rd6 39. Qxd6 Qg5+ 40. Kh1 exd6 41. e7+ Qxe7 1-0

[Event "NOR-chT Codanserien 2017-18"]
[Site "Oslo"]
[Date "2017.12.03"]
[Round "3"]
[White "Mikalsen, Erlend"]
[Black "Mihajlov, Sebastian"]
[Result "1-0"]
[ECO "B19"]
[WhiteElo "2312"]
[BlackElo "2379"]
[Annotator "NA"]
[PlyCount "71"]
[EventDate "2017.??.??"]
[EventType "team-tourn"]
[EventCountry "NOR"]
[SourceTitle "playchess.com"]
[Source "ChessBase"]
[SourceQuality "1"]
[TimeControl "40/5400+30:1800+30"]

1. e4 c6 2. d4 d5 3. Nc3 dxe4 4. Nxe4 Bf5 5. Ng3 Bg6 6. h4 h6 7. Nf3 Nd7 8. h5 Bh7 9. Bd3 Bxd3 10. Qxd3 e6 11. Bf4 Bb4+ 12. c3 Be7 13. O-O-O Ngf6 {[%emt 0:00:11] B19: Caro-Kann (Hauptvariante)} 14. Ne4 (14. Kb1 O-O 15. c4 a5 16. Nf1 b5 17. c5 Nd5 18. Bd2 Qc7 19. g4 Rad8 20. Ng3 N7f6 21. g5 hxg5 22. Nxg5 {1-0 (63) Svidler,P (2765)-Ivanchuk,V (2729) Monte Carlo 2006}) 14... Nxe4 15. Qxe4 Nf6 16. Qc2 O-O 17. Kb1 {[%emt 0:02:06] LiveBook: 8 Games [#]} (17. g4 $5 ) 17... a5 $146 ({Vorgänger:} 17... Bd6 18. Bxd6 Qxd6 19. Ne5 c5 20. g4 cxd4 21. f4 {1-0 (53) Noble,M (2497)-Carlsen,T (2641) ICCF email 2007}) 18. Rhg1 (18. g4 $14) 18... Nxh5 19. Bc1 Nf6 20. g4 Qd5 21. Ne5 Qe4 22. Rd3 Nd5 23. f3 Qh7 24. f4 f6 25. Nf3 $1 Bd6 ({Better is} 25... g5 $15) 26. g5 Bxf4 27. g6 Qh8 {[%emt 0:00:06] [#]} 28. c4 $1 Nb4 29. Qe2 e5 30. Bxf4 Nxd3 31. Qxd3 exf4 32. Qf5 Rae8 33. Qd7 $18 h5 34. Qf5 Re3 35. Rh1 Rfe8 36. Rxh5 1-0

[Event "NOR-chT Codanserien 2017-18"]
[Site "Oslo"]
[Date "2017.12.03"]
[Round "3"]
[White "Persson, Mats"]
[Black "Flermoen, Peter"]
[Result "0-1"]
[ECO "A49"]
[WhiteElo "2306"]
[BlackElo "2252"]
[Annotator "NA"]
[PlyCount "106"]
[EventDate "2017.??.??"]
[EventType "team-tourn"]
[EventCountry "NOR"]
[SourceTitle "playchess.com"]
[Source "ChessBase"]
[SourceQuality "1"]
[TimeControl "40/5400+30:1800+30"]

1. d4 Nf6 2. Nf3 g6 3. g3 Bg7 4. Bg2 O-O 5. O-O d5 6. Bf4 Bf5 {[%emt 0:01:24] D02: 1 d4 d5 2 Nf3 sidelines, including 2...Nf6 3 g3 and 2...Nf6 3 Bf4} 7. Nbd2 c6 8. h3 Qb6 $146 ({Predecessor:} 8... Ne4 9. c3 Qb6 10. Qb3 Nd7 11. Rfd1 Nxd2 12. Nxd2 e5 13. dxe5 Nxe5 14. e4 dxe4 15. Nxe4 {1-0 (27) Smyslov,V (2620)-Tukmakov,V (2565) Leningrad 1971}) 9. g4 Be4 10. Rb1 Nbd7 11. e3 c5 12. Nxe4 Nxe4 13. Ne5 Rfd8 14. Nxd7 Rxd7 15. c3 Qc6 16. Qe2 b5 17. Rfd1 Rdd8 18. a3 Rac8 19. Bxe4 dxe4 20. dxc5 Qxc5 21. Rxd8+ Rxd8 22. Rd1 Rd5 23. Rxd5 Qxd5 24. Kf1 e5 25. Bg5 f6 26. Bh4 Kf7 27. Ke1 a5 28. a4 bxa4 29. Qa6 (29. g5 $15) 29... g5 30. Bg3 Bf8 31. h4 h6 32. Qa7+ Be7 33. h5 Qb5 34. Qa8 Qxb2 35. Qd5+ Ke8 36. Qg8+ Kd7 37. Qd5+ Bd6 38. Qf7+ Kc6 39. Qe8+ Kc7 40. Qxa4 Qb1+ 41. Ke2 Qd3+ 42. Ke1 Qxc3+ 43. Kf1 Qb4 44. Qe8 $19 a4 45. Qg6 Be7 46. Qxh6 a3 47. Qg7 a2 48. h6 a1=Q+ 49. Kg2 Kd7 50. Qg8 Qb5 51. Kh2 Qbf1 52. Qd5+ Kc7 53. Qxe4 Qg1+ 0-1

[Event "NOR-chT Codanserien 2017-18"]
[Site "Oslo"]
[Date "2017.12.03"]
[Round "3"]
[White "Tryggestad, Andreas Garberg"]
[Black "Andersen, Alf R"]
[Result "1/2-1/2"]
[ECO "A40"]
[WhiteElo "2264"]
[BlackElo "2161"]
[Annotator "NA"]
[PlyCount "88"]
[EventDate "2017.??.??"]
[EventType "team-tourn"]
[EventCountry "NOR"]
[SourceTitle "playchess.com"]
[Source "ChessBase"]
[SourceQuality "1"]
[TimeControl "40/5400+30:1800+30"]

1. d4 e6 2. Nf3 f5 3. c4 Nf6 4. Nc3 d5 5. Bf4 c6 6. e3 Bd6 7. Ne5 O-O {[%emt 0:01:35] A84: Dutch Defence: 2 c4 Miscellaneous} 8. Be2 (8. Bd3 Qe7 9. c5 Bc7 10. O-O Ne8 11. h3 Nd7 12. b4 Nxe5 13. Bxe5 Bxe5 14. dxe5 b6 15. Rc1 bxc5 16. bxc5 Qxc5 {1-0 (38) Tang,A (2478)-Colas,J (2366) Saint Louis 2017}) 8... Qe7 9. c5 Bxe5 10. Bxe5 Ne8 11. O-O Nd7 12. f4 g5 $146 ({Predecessor:} 12... Nxe5 13. fxe5 g6 14. b4 Ng7 15. b5 {0-1 (58) Yudovich,M-Rokhlin,Y Moscow 1944}) 13. b4 Nxe5 14. fxe5 Bd7 15. a4 Ng7 16. b5 Be8 (16... b6 $14) 17. a5 cxb5 18. Bxb5 Bg6 (18... Bh5 $16 {war nötig.} 19. Be2 Bxe2 20. Qxe2 a6) 19. a6 bxa6 20. Rxa6 f4 21. exf4 Rxf4 22. Rxf4 gxf4 23. Be2 Be4 24. Bf3 Qb7 25. Rd6 Bxf3 26. Qxf3 Qb2 27. h3 Kh8 28. Rd7 $18 Rg8 29. Ne2 Nf5 30. Nxf4 Qxd4+ 31. Qf2 Qa1+ 32. Kh2 Qxe5 33. c6 Rc8 34. Qf3 Rxc6 35. Rd8+ Kg7 36. Qg4+ Kf6 37. h4 Nh6 38. Qg3 Nf7 39. Rd7 Rc4 40. Nxd5+ Qxd5 41. Rxd5 exd5 42. Qf2+ Ke6 43. Qxa7 Rxh4+ 44. Kg3 Rh5 1/2-1/2

[Event "NOR-chT Codanserien 2017-18"]
[Site "Oslo"]
[Date "2017.12.03"]
[Round "3"]
[White "Skrondal, Inge Sandstad"]
[Black "Haug, Johannes"]
[Result "0-1"]
[ECO "E11"]
[WhiteElo "2246"]
[BlackElo "2359"]
[Annotator "NA"]
[PlyCount "62"]
[EventDate "2017.??.??"]
[EventType "team-tourn"]
[EventCountry "NOR"]
[SourceTitle "playchess.com"]
[Source "ChessBase"]
[SourceQuality "1"]
[TimeControl "40/5400+30:1800+30"]

1. d4 Nf6 2. Nf3 e6 3. c4 Bb4+ 4. Bd2 a5 5. a3 Bxd2+ 6. Qxd2 b6 7. Nc3 Bb7 8. Qc2 d5 9. cxd5 exd5 10. e3 O-O 11. Be2 Nbd7 12. O-O c5 13. Rfd1 Rc8 14. Bb5 Qe7 15. Qf5 Rfd8 16. Ne5 Nf8 17. Na4 Rd6 $11 18. Rac1 Ne6 19. Nc3 g6 20. Qb1 cxd4 21. exd4 Nxd4 22. Nxg6 Nf3+ 23. gxf3 hxg6 24. Rd4 Qe5 25. Ne2 Rc5 26. f4 Qe6 27. Bd3 Qh3 28. f3 Qxf3 29. Rf1 Qe3+ 30. Kg2 Ne4 31. Rf3 Qxf3+ 0-1

[Event "NOR-chT Codanserien 2017-18"]
[Site "Oslo"]
[Date "2017.12.03"]
[Round "3"]
[White "Moen, Ole Christian"]
[Black "Mikalsen, Harald"]
[Result "1-0"]
[ECO "C88"]
[WhiteElo "2178"]
[BlackElo "2030"]
[Annotator "NA"]
[PlyCount "55"]
[EventDate "2017.??.??"]
[EventType "team-tourn"]
[EventCountry "NOR"]
[SourceTitle "playchess.com"]
[Source "ChessBase"]
[SourceQuality "1"]
[TimeControl "40/5400+30:1800+30"]

1. e4 e5 2. Nf3 Nc6 3. Bb5 a6 4. Ba4 Nf6 5. O-O b5 6. Bb3 Be7 7. Re1 O-O 8. a4 Bb7 9. c3 d6 10. d4 Nb8 11. axb5 ({Better is} 11. dxe5 $16 dxe5 12. Qxd8 (12. Nxe5 Qxd1 13. Bxd1 Nbd7 $14) 12... Bxd8 13. Nxe5) 11... axb5 12. Rxa8 Bxa8 13. Nbd2 Nbd7 14. h3 Qb8 15. Bc2 $14 c5 16. Nf1 b4 17. Ng3 g6 18. Bg5 exd4 19. cxd4 c4 20. e5 Nd5 21. Bxe7 Nxe7 22. Qe2 Bd5 23. Be4 Be6 24. d5 Nxd5 25. Qd2 c3 26. Qh6 Nxe5 27. Ng5 Nf6 28. Nh5 1-0

[Event "NOR-chT Codanserien 2017-18"]
[Site "Oslo"]
[Date "2017.12.03"]
[Round "3"]
[White "Nielsen, Andre"]
[Black "Elseth, Roar"]
[Result "1/2-1/2"]
[ECO "C95"]
[WhiteElo "2126"]
[BlackElo "2324"]
[Annotator "NA"]
[PlyCount "143"]
[EventDate "2017.??.??"]
[EventType "team-tourn"]
[EventCountry "NOR"]
[SourceTitle "playchess.com"]
[Source "ChessBase"]
[SourceQuality "1"]
[TimeControl "40/5400+30:1800+30"]

1. e4 e5 2. Nf3 Nc6 3. Bb5 a6 4. Ba4 Nf6 5. O-O Be7 6. Re1 b5 7. Bb3 d6 8. c3 O-O 9. h3 Nb8 10. d4 Nbd7 11. Nbd2 Bb7 12. Bc2 Re8 13. Nf1 Bf8 14. Ng3 g6 15. a4 c5 16. d5 c4 17. Be3 Nc5 18. Bxc5 dxc5 19. Qe2 Nd7 20. Nf1 Nb6 21. Ne3 Qd6 22. Kh1 Bg7 23. Ra2 Reb8 24. Rea1 Bc8 25. axb5 axb5 26. Qf1 Bd7 27. Nd2 Qf8 28. Ra7 h5 29. R1a6 Qd8 30. Qa1 Rxa7 31. Rxa7 Qf6 32. Kg1 Qd6 33. Qa6 Bf8 34. Nb1 Be8 35. Na3 Nc8 36. Qxd6 Nxd6 37. g3 Bh6 38. Ra6 Rd8 39. Rb6 Bf8 40. Kg2 Bh6 41. Kf3 Kf8 42. Ra6 Ke7 43. Nb1 Bd7 44. h4 Rf8 45. Ke2 f5 46. exf5 gxf5 47. Nd2 f4 48. gxf4 exf4 49. Nef1 Bg7 50. Nf3 b4 51. N1d2 Rb8 52. Ba4 Bg4 53. Rc6 bxc3 54. Rc7+ Kf8 55. bxc3 Bxc3 $19 56. Kf1 Bxd2 57. Nxd2 Rb4 58. Bc2 Rb2 59. Ne4 Bf3 60. Ng5 Rxc2 61. Nxf3 Ne4 62. Ng5 Nxg5 63. hxg5 f3 64. Kg1 h4 65. Rh7 Rc1+ 66. Kh2 Rf1 67. Rxh4 Rxf2+ 68. Kg3 Rg2+ 69. Kxf3 Rxg5 70. Ke4 c3 71. Kd3 Rxd5+ 72. Kxc3 1/2-1/2

[Event "NOR-chT Codanserien 2017-18"]
[Site "Oslo"]
[Date "2017.12.03"]
[Round "3"]
[White "Lahlum, Hans Olav"]
[Black "Nordquelle, Daniel"]
[Result "1-0"]
[ECO "D37"]
[WhiteElo "2113"]
[BlackElo "2188"]
[Annotator "NA"]
[PlyCount "87"]
[EventDate "2017.??.??"]
[EventType "team-tourn"]
[EventCountry "NOR"]
[SourceTitle "playchess.com"]
[Source "ChessBase"]
[SourceQuality "1"]
[TimeControl "40/5400+30:1800+30"]

1. d4 d5 2. c4 e6 3. Nf3 Nf6 4. Nc3 Nbd7 5. Bg5 h6 6. Bh4 Bb4 7. cxd5 {[%emt 0:00:07] D51: Damengambit (Cambridge-Springs-Variante und Abweichungen)} exd5 8. e3 g5 9. Bg3 Ne4 10. Qc2 {[%emt 0:00:33] LiveBook: 16 Games} h5 11. h3 Nxg3 $146 ({Vorgänger:} 11... Qf6 12. Bd3 Bxc3+ 13. bxc3 Nxg3 14. fxg3 g4 15. hxg4 hxg4 {½-½ (38) Vachier Lagrave,M (2723)-Grischuk,A (2781) Stavanger 2015}) 12. fxg3 c6 13. Bd3 Nf8 14. O-O-O g4 15. Nh4 Be6 16. Nf5 Qg5 17. h4 Qd8 18. Rhf1 Qc7 19. Ng7+ Kd8 20. Nxe6+ fxe6 21. Ne2 Qd7 22. Rf2 $16 Rc8 23. Rdf1 Rc7 24. Kb1 Bd6 25. Qa4 a6 26. Nf4 e5 27. dxe5 Bxe5 28. Nxh5 Ne6 29. Qxg4 Qd6 30. Nf4 Nc5 31. Bc2 Rg7 32. Qf3 Rhg8 33. Nh5 Re7 34. g4 Kc7 35. Nf4 d4 36. Rd1 Rf8 37. g3 Rd7 38. exd4 Bxd4 39. Rfd2 Qe5 40. Nd5+ Rxd5 41. Qxf8 Ne6 42. Qf3 Rb5 43. Bb3 c5 44. Re2 1-0

[Event "NOR-chT Codanserien 2017-18"]
[Site "Oslo"]
[Date "2017.12.03"]
[Round "3"]
[White "Andersen, Oystein R"]
[Black "Kaasen, Tor Fredrik"]
[Result "1/2-1/2"]
[ECO "A13"]
[WhiteElo "2067"]
[BlackElo "2347"]
[Annotator "NA"]
[PlyCount "63"]
[EventDate "2017.??.??"]
[EventType "team-tourn"]
[EventCountry "NOR"]
[SourceTitle "playchess.com"]
[Source "ChessBase"]
[SourceQuality "1"]
[TimeControl "40/5400+30:1800+30"]

1. c4 e6 2. g3 Nf6 3. Bg2 d5 4. Nf3 dxc4 5. O-O Be7 6. Na3 {[%emt 0:01:09] A14: English Opening: 1...e6 with b3 by White} a6 (6... c5 7. Nxc4 Nc6 8. b3 O-O 9. Bb2 Bd7 10. d4 Rc8 11. dxc5 Bxc5 12. Nd6 Rc7 13. Rc1 b6 14. Ng5 Qe7 15. Nge4 Nxe4 16. Nxe4 Rd8 17. Nxc5 bxc5 {1-0 (46) Grischuk,A (2795)-Inarkiev,E (2688) Moscow 2014}) 7. Nxc4 b5 8. Nce5 O-O 9. b3 $146 ({Better is Predecessor:} 9. d4 $16 Bb7 10. Bd2 Nbd7 11. Rc1 Nxe5 12. dxe5 Nd5 13. Qc2 c5 {0-1 (52) Moehn,H (2380)-Dmochowska,A (2202) Warsaw 2017}) 9... Bb7 10. Bb2 c5 11. Rc1 Nbd7 12. d4 Nxe5 13. Nxe5 Bxg2 14. Kxg2 Qd5+ 15. f3 Rfd8 16. e4 Qb7 17. Qe2 Rac8 18. dxc5 Bxc5 19. Rfd1 Qb6 20. Qc2 Rxd1 21. Rxd1 Re8 22. Qc3 b4 23. Qd3 Bf8 24. Nc4 Qc5 25. Bxf6 gxf6 26. Qd4 Qg5 ({Better is} 26... Kg7 $14) 27. Qd7 Qb5 28. Qc7 Re7 29. Qc8 (29. Qf4 $16) 29... Re8 30. Qc7 Re7 31. Qc8 Re8 $14 32. Qc7 1/2-1/2